 Dungeon Crawl Stone Soup version 0.21-a0-361-g4efd3f9 (webtiles) character file.

43680 kae the Impaler (level 14, -5/135 HPs)
             Began as a Naga Fighter on Oct 13, 2017.
             Was a High Priest of Makhleb.
             Slain by a nine-headed hydra (9 damage)
             ... on level 6 of the Lair of Beasts.
             The game lasted 00:29:25 (25040 turns).

kae the Impaler (Naga Fighter)                     Turns: 25040, Time: 00:29:25

Health: -5/135     AC: 15    Str: 24    XL:     14   Next: 25%
Magic:  0/21       EV:  8    Int:  9    God:    Makhleb [*****.]
Gold:   937        SH:  0    Dex: 11    Spells: 13/13 levels left

rFire    . . .     SeeInvis +   a - +1 trident
rCold    + . .     Gourm    .   (no shield)
rNeg     + . .     Faith    .   w - +0 scale mail
rPois    +         Spirit   +   m - +2 hat {MR+}
rElec    .         Reflect  .   q - scarf {Spirit}
rCorr    .         Harm     .   M - +2 pair of gloves
MR       ++...                  (no barding)
Stlth    ..........             (no amulet)
HPRegen  0.32/turn              P - ring of protection from cold
MPRegen  0.17/turn              A - ring of Red Wine {rN+ Int+3}

@: short of breath, very slow
A: see invisible, deformed body, dopey 1, sense surroundings 1, poison
resistance, slowness 2, slow metabolism 1, spit poison 1, constrict 1, AC +4
a: Spit Poison, Minor Destruction, Lesser Servant of Makhleb, Major Destruction,
Greater Servant of Makhleb, Renounce Religion


You were on level 6 of the Lair of Beasts.
You worshipped Makhleb.
Makhleb was extremely pleased with you.
You were hungry.

You visited 3 branches of the dungeon, and saw 17 of its levels.

You collected 937 gold pieces.

Inventory:

Hand Weapons
 a - a +1 trident (weapon)
 b - a +0 glaive of protection
Armour
 c - a +0 shield
 m - a +2 hat of magic resistance (worn)
 n - a +0 cloak
 q - a scarf of spirit shield (worn)
 w - a +0 scale mail (worn)
 M - a +2 pair of gloves (worn)
Jewellery
 j - an uncursed ring of positive energy
 t - an uncursed ring of flight
 v - a +2 ring of dexterity
 A - the ring of Red Wine (right hand) {rN+ Int+3}
   (You found it on level 10 of the Dungeon)

   [ring of positive energy]

   It affects your intelligence (+3).
   It protects you from negative energy.
 D - a +1 ring of slaying {unknown}
 P - a ring of protection from cold (left hand)
Wands
 k - a wand of random effects (28/48)
 o - a wand of flame (28/48)
 u - a wand of scattershot (4/9)
 z - a wand of digging (13/24)
 E - a wand of paralysis (18/24)
 G - a wand of disintegration (18/24)
 H - a wand of confusion (15/48)
 J - a wand of disintegration (12/24)
 N - a wand of confusion (36/48)
 O - a wand of flame (26/48)
 Q - a wand of polymorph (5/24)
 R - a wand of iceblast (6/15)
Scrolls
 e - 2 scrolls of enchant weapon
 h - 9 scrolls of teleportation
 i - 3 scrolls of magic mapping
 r - 3 scrolls of identify
 y - 6 scrolls of remove curse
 C - a scroll of recharging
 F - a scroll of silence
 I - 2 scrolls of amnesia
 T - 2 scrolls of fog
Potions
 d - 2 potions of curing
 p - 3 potions of mutation
 s - 2 potions of magic
 B - a potion of brilliance
 K - a potion of invisibility
 S - a potion of flight
Books
 L - a book of Conjurations

   Spells                             Type                      Level
   a - Magic Dart                     Conjuration                  1
   b - Searing Ray                    Conjuration                  2
   c - Dazzling Spray                 Conjuration/Hexes            3
   d - Fulminant Prism                Conjuration/Hexes            4
   e - Force Lance                    Conjuration/Translocation    4
   f - Iskenderun's Mystic Blast      Conjuration                  4
Comestibles
 f - 3 bread rations
 g - 12 meat rations
 l - 16 fruits
 x - 9 royal jellies


   Skills:
 + Level 11.6 Fighting
 * Level 15.3 Polearms
 + Level 9.9 Armour
 - Level 2.4 Shields
 + Level 10.6 Invocations


You had 13 spell levels left.
You didn't know any spells.

Dungeon Overview and Level Annotations

Branches:
Dungeon (10/15)            Temple (1/1) D:6            Lair (6/6) D:9
 Shoals (0/4) Lair:4        Snake (0/4) Lair:4        Slime (0/5) Lair:5
    Orc (0/2) D:10

Altars:
Ashenzari
Cheibriados
Dithmenos
Elyvilon
Fedhas
Gozag
Hepliaklqana
Kikubaaqudgha
Makhleb
Nemelex Xobeh
Okawaru
Qazlal
Ru
Sif Muna
Trog
Uskayaw
Vehumet
Wu Jian
Xom
Yredelemnul
Zin
The Shining One

Annotations:
Lair:5 exclusion: 2 oklob plants


Innate Abilities, Weirdness & Mutations

You cannot wear boots.
Your serpentine skin is tough. (AC +4)
You have supernaturally acute eyesight. (SInv)
Armour fits poorly on your strangely shaped body.
Your system is resistant to poisons. (rPois)
You cover ground very slowly.
You have a slow metabolism.
You can spit poison.
You can use your snake-like lower body to constrict enemies.
You are dopey. (Int -2)
You passively map a small area around you.


Message History

* * * LOW HITPOINT WARNING * * *
The nine-headed hydra bites you but does no damage.
The nine-headed hydra barely misses you.
The nine-headed hydra closely misses you.
The nine-headed hydra bites you but does no damage.
The nine-headed hydra bites you.
* * * LOW HITPOINT WARNING * * *
Press: ? - help, Shift-Dir - straight line, f/p - nine-headed hydra
Aim: a nine-headed hydra (almost dead)
The splash of poison hits the nine-headed hydra.
The nine-headed hydra is almost dead.
You feel slightly more hungry.
The nine-headed hydra bites you but does no damage.
The nine-headed hydra closely misses you.
The nine-headed hydra bites you but does no damage.
The nine-headed hydra bites you.
* * * LOW HITPOINT WARNING * * *
The nine-headed hydra bites you but does no damage.
The nine-headed hydra bites you!
You die...

##.######..P...P..........P......
##.#####.#..###P.................
#....##.....####.......†...PP####
#.....#.....<# ##......P..P.##,**
#............###########....#,,,,
##........S...##.#.#..##....##,,,
#................#..P.##....#,,,
#..(.............P.....##...##,,
#..............@D.......##...#,,
##...............†.#....,##..##,
**#......#..#...§4..###..,,##=.#,
*,##.....###.#........#**,,,##.#,
,*,......#*####......P..#**,,###,
*,,......,* ###P...P....*****,,
*,,,,,,,,,* #.........,,**,,,
*,,,,,,,,,** *##........,,**,,,
,,,,,,,,,,,* ***,....P....***,,,,


You could see a nine-headed hydra, a guardian serpent and a friendly orange
demon.

Vanquished Creatures
  Gastronok (Lair:1)
  Nessos (Lair:4)
  4 hydras
  A death yak (Lair:5)
  The ghost of nublet the Grappler, a novice HOSu of Cheibriados (Lair:1)
  2 two-headed ogres (D:8)
  A lindwurm (Lair:5)
  9 elephants
  A centaur zombie (D:10)
  8 black mambas
  A torpor snail (Lair:6)
  9 spiny frogs
  2 komodo dragons
  3 polar bears
  4 trolls
  3 hornets
  Grinder (D:6)
  5 hippogriffs
  12 blink frogs
  7 dream sheep (Lair:6)
  2 redbacks (Lair:6)
  22 yaks
  A spriggan (Lair:4)
  4 basilisks
  5 wyverns (Lair:6)
  4 hungry ghosts
  3 nagas (Lair:4)
  2 soldier ants (D:8)
  13 water moccasins
  9 porcupines
  A black bear (Lair:5)
  3 sky beasts
  3 ice beasts
  8 orc warriors
  13 wolves
  3 phantoms
  10 ogres
  4 centaurs
  4 big kobolds
  11 crocodiles
  A gnoll sergeant (D:10)
  16 bullfrogs
  2 scorpions (D:8)
  8 killer bees
  3 wights (D:10)
  An electric eel (Lair:5)
  3 howler monkeys
  9 crimson imps
  4 hounds
  A quasit (D:8)
  8 jellies
  8 orc priests
  A bullfrog skeleton (D:5)
  Jessica (D:3)
  6 iguanas
  Natasha (twice) (D:3)
  12 orc wizards
  12 worker ants
  5 hell rats
  A hound zombie (D:5)
  16 adders
  8 gnolls
  A shadow imp (D:8)
  2 white imps (D:8)
  6 oozes
  An adder zombie (D:9)
  2 adder skeletons
  5 worms
  4 dart slugs
  2 leopard geckos
  50 orcs
  3 giant cockroaches
  5 goblins
  7 hobgoblins
  3 jackals (D:1)
  16 kobolds
  2 quokkas (D:5)
  11 bats
  11 frilled lizards
  A jackal skeleton (D:5)
  A quokka skeleton (D:6)
  10 rats
  A fungus (Lair:3)
473 creatures vanquished.

Vanquished Creatures (collateral kills)
  The ghost of zero the Cleaver, a journeyman GrBe of Trog (Lair:3)
  2 hydras
  Sonja (Lair:2)
  2 elephants (Lair:2)
  A spiny frog (Lair:1)
  A komodo dragon (D:9)
  3 blink frogs (Lair:6)
  A yak (Lair:2)
  2 porcupines
  3 wolves (Lair:2)
  A crocodile (Lair:2)
  2 plants (Lair:6)
20 creatures vanquished.

Vanquished Creatures (others)
  A spiny frog (Lair:5)
  A polar bear (Lair:5)
  A sky beast (D:7)
  A crocodile (Lair:5)
  A hell rat (Lair:5)
  A bush (Lair:3)
  25 fungi
  51 plants
82 creatures vanquished.

Grand Total: 575 creatures vanquished

Notes
Turn   | Place    | Note
-------+----------+-------------------------------------------
     0 | D:1      | kae the Naga Fighter began the quest for the Orb.
     0 | D:1      | Reached XP level 1. HP: 21/21 MP: 1/1
    93 | D:1      | Reached XP level 2. HP: 21/28 MP: 2/2
   346 | D:1      | Reached XP level 3. HP: 28/34 MP: 3/3
   661 | D:1      | Reached skill level 3 in Polearms
   995 | D:2      | Found a stormy altar of Qazlal.
  1073 | D:2      | Found a bloodstained altar of Trog.
  1165 | D:2      | Reached XP level 4. HP: 28/42 MP: 4/4
  1232 | D:2      | Reached XP level 5. HP: 15/50 MP: 5/5
  1701 | D:2      | Reached skill level 4 in Polearms
  2590 | D:3      | Noticed Jessica
  2590 | D:3      | Noticed a centaur
  2599 | D:3      | Killed a centaur
  2599 | D:3      | Reached XP level 6. HP: 37/57 MP: 6/6
  2603 | D:3      | Noticed Natasha
  2607 | D:3      | Killed Jessica
  2614 | D:3      | Killed Natasha
  2981 | D:3      | Noticed Natasha
  2992 | D:3      | Killed Natasha
  2992 | D:3      | Reached skill level 5 in Polearms
  3619 | D:4      | Reached XP level 7. HP: 54/66 MP: 7/7
  4470 | D:5      | Entered Level 5 of the Dungeon
  4553 | D:5      | Reached skill level 6 in Polearms
  4665 | D:4      | Found an iron altar of Okawaru.
  4721 | D:5      | Reached skill level 5 in Fighting
  5017 | D:5      | Noticed a hungry ghost
  5058 | D:5      | Killed a hungry ghost
  5058 | D:5      | Reached XP level 8. HP: 73/74 MP: 8/8
  5138 | D:5      | Reached skill level 7 in Polearms
  5530 | D:5      | Reached skill level 5 in Armour
  5860 | D:5      | Found a glowing golden altar of the Shining One.
  6005 | D:5      | Reached skill level 8 in Polearms
  6021 | D:5      | Reached XP level 9. HP: 28/82 MP: 9/9
  6736 | D:6      | Found a staircase to the Ecumenical Temple.
  6873 | Temple   | Entered the Ecumenical Temple
  7105 | Temple   | Became a worshipper of Makhleb the Destroyer
  7299 | D:6      | Noticed Grinder
  7327 | D:6      | Killed Grinder
  7744 | D:6      | Reached skill level 1 in Invocations
  8275 | D:7      | Reached skill level 9 in Polearms
  9444 | D:7      | Paralysed by fainting for 8 turns
  9732 | D:7      | Reached * piety under Makhleb
  9797 | D:7      | Reached XP level 10. HP: 52/94 MP: 12/12
  9977 | D:7      | Found a hazy altar of Hepliaklqana.
 10108 | D:7      | Paralysed by fainting for 6 turns
 10478 | D:8      | Reached skill level 10 in Polearms
 10824 | D:8      | Found a blossoming altar of Fedhas.
 10826 | D:8      | Noticed a two-headed ogre
 10869 | D:8      | Reached ** piety under Makhleb
 10913 | D:8      | Killed a two-headed ogre
 11297 | D:8      | Noticed a two-headed ogre
 11310 | D:8      | Killed a two-headed ogre
 11310 | D:8      | Reached skill level 5 in Invocations
 11450 | D:8      | Gained mutation: You are dopey. (Int -2) [potion of mutation]
 11450 | D:8      | Gained mutation: You passively map a small area around you. [potion of mutation]
 11578 | D:8      | Reached skill level 11 in Polearms
 12025 | D:8      | Reached XP level 11. HP: 99/104 MP: 15/15
 12182 | D:9      | Found a staircase to the Lair.
 12504 | D:9      | HP: 4/104 [hippogriff (5)]
 13375 | D:9      | Found a shimmering altar of Xom.
 14308 | D:10     | Entered Level 10 of the Dungeon
 14549 | D:10     | Reached *** piety under Makhleb
 14687 | D:10     | Found a staircase to the Orcish Mines.
 14780 | D:10     | Reached skill level 12 in Polearms
 15542 | D:10     | Got a steaming tin ring
 15622 | Lair:1   | Entered Level 1 of the Lair of Beasts
 15622 | Lair:1   | Noticed nublet's ghost (novice HOSu)
 15649 | D:9      | Reached **** piety under Makhleb
 16327 | Lair:1   | Killed nublet's ghost
 16673 | Lair:1   | Reached XP level 12. HP: 80/115 MP: 13/17
 16968 | Lair:1   | Noticed a six-headed hydra
 17034 | Lair:1   | Identified the ring of Red Wine {rN+ Int+3} (You found it on level 10 of the Dungeon)
 17166 | Lair:1   | Killed a six-headed hydra
 17877 | Lair:1   | Noticed Gastronok
 17886 | Lair:1   | Killed Gastronok
 17972 | Lair:1   | Reached skill level 13 in Polearms
 18211 | Lair:2   | Noticed Sonja
 18220 | Lair:2   | Killed Sonja
 18316 | Lair:2   | Reached skill level 10 in Fighting
 18347 | Lair:2   | Noticed a five-headed hydra
 18355 | Lair:2   | Killed a five-headed hydra
 19763 | Lair:3   | Noticed a four-headed hydra
 19779 | Lair:3   | Killed a four-headed hydra
 20488 | Lair:3   | Gained mutation: You can use your snake-like lower body to constrict enemies. [Naga growth]
 20488 | Lair:3   | Reached XP level 13. HP: 124/124 MP: 17/19
 20523 | Lair:3   | Noticed zero's ghost (journeyman GrBe)
 20538 | Lair:3   | Killed zero's ghost
 21003 | Lair:3   | Reached skill level 14 in Polearms
 21351 | Lair:4   | Noticed Nessos
 21369 | Lair:3   | HP: 6/124 [poisoned by Nessos]
 21375 | Lair:3   | HP: 6/124 [poisoned by Nessos]
 22004 | Lair:4   | Killed Nessos
 22100 | Lair:4   | Found a staircase to the Snake Pit.
 22360 | Lair:4   | Found a staircase to the Shoals.
 23297 | Lair:5   | Found a staircase to the Slime Pits.
 23871 | Lair:5   | Reached skill level 10 in Invocations
 24216 | Lair:6   | Entered Level 6 of the Lair of Beasts
 24370 | Lair:6   | Reached skill level 15 in Polearms
 24374 | Lair:6   | Reached XP level 14. HP: 66/135 MP: 5/21
 24614 | Lair:6   | Reached ***** piety under Makhleb
 25039 | Lair:6   | HP: 6/135 [nine-headed hydra (3)]
 25040 | Lair:6   | Slain by a nine-headed hydra

Vault maps used:
D:1:      saegor_arrival_simple_b
D:2:      cheibrodos_pilgrimage, grunt_qazlal_sundering,
          overflow_temple_1_default
D:3:      serial_bayou_pond_e, uniq_jessica, uniq_natasha
D:4:      nicolae_overflow_hidden_temple, first_bread, minmay_misc_feat_rugged,
          corexii_corridor_pit
D:5:      tso_oasis_becter, minmay_stone_trees_small, minmay_misc_feat_rows
D:6:      temple_hall, uniq_grinder
D:7:      overflow_temple_1_default, st_stairs_10
D:8:      lemuel_doored_altar, hangedman_pestilent_swarm, minmay_nine_imps
D:9:      kennysheep_little_box, david_lair_generic
D:10:     kennysheep_orc_monster_closet_entryway
Temple:   regret_index_temple_generic_petals
Lair:1:   zaba_anthole, uniq_gastronok
Lair:2:   small_statue_intersection, beast_lair_carwin_6, uniq_sonja
Lair:3:   infiniplex_staircase_pool
Lair:4:   elwin_shoals_entry_rocks, guppyfry_snake_entry_garden, uniq_nessos
Lair:5:   nicolae_slime_entry_slimehenge, grunt_forest_stairs_clearing,
          minmay_lair_oklob_chamber, serial_bayou_shore_a
Lair:6:   hangedman_lair_tendril_chambers, wormcave,
          hangedman_lair_generics_rect, infiniplex_staircase_pool_2

Skill      XL: |  1  2  3  4  5  6  7  8  9 10 11 12 13 |
---------------+----------------------------------------+-----
Polearms       | 3 4 5 6 8 9 11 12 13 15 | 15.3
Armour         | 3 4 5 6 7 8 9 |  9.9
Fighting       | 4 5 6 7 8 9 10 11 | 11.6
Invocations    | 3 5 7 8 10 | 10.6
Shields        | |  2.4

Action                   |  1- 3 |  4- 6 |  7- 9 | 10-12 | 13-15 || total
-------------------------+-------+-------+-------+-------+-------++-------
Melee: Trident           |   135 |   236 |   572 |   476 |    63 ||  1482
       Glaive            |       |       |       |   552 |   421 ||   973
       Constrict         |       |       |       |       |    84 ||    84
Invok: Lesser Servant of |       |       |       |    12 |     8 ||    20
       Minor Destruction |       |       |       |     7 |     5 ||    12
 Abil: Spit Poison       |     3 |     8 |    25 |    17 |     4 ||    57
Evoke: Wand              |       |       |     5 |       |       ||     5
  Use: Potion            |       |     1 |     1 |    13 |     1 ||    16
       Scroll            |       |       |    14 |    10 |     2 ||    26
 Stab: Invisible         |       |       |       |     3 |       ||     3
       Distracted        |       |       |       |     1 |       ||     1
  Eat: Chunk             |     1 |     7 |    16 |    26 |     6 ||    56
       Bread ration      |       |       |     2 |     1 |     1 ||     4
       Royal jelly       |       |       |     1 |     1 |       ||     2
       Fruit             |       |       |     5 |     4 |       ||     9
Armor: Scale mail        |    51 |    94 |   266 |   539 |   371 ||  1321
       Skin              |       |       |       |    50 |       ||    50
Dodge: Dodged            |    21 |    31 |    99 |   347 |   206 ||   704
Block: Shield            |    48 |    91 |   258 |   151 |       ||   548

Table legend:
 A = Spawn XP
 B = Non-spawn XP
 C = Spawn XP percentage of total XP
 D = Spawn monster count
 E = Non-spawn monster count
 F = Spawn count percentage of total count
 G = Total turns spent on level
                    A         B        C        D         E        F      G
               +---------+---------+-------+---------+---------+-------+---------
         Total |       0 |   62400 |   0.0 |       0 |     491 |   0.0 | 25040
               +---------+---------+-------+---------+---------+-------+---------
           D:1 |       0 |      59 |   0.0 |       0 |      32 |   0.0 |   975
           D:2 |       0 |     158 |   0.0 |       0 |      26 |   0.0 |  1052
           D:3 |       0 |     294 |   0.0 |       0 |      26 |   0.0 |  1217
           D:4 |       0 |     316 |   0.0 |       0 |      16 |   0.0 |  1407
           D:5 |       0 |    1532 |   0.0 |       0 |      35 |   0.0 |  1718
           D:6 |       0 |    1024 |   0.0 |       0 |      21 |   0.0 |  2174
           D:7 |       0 |    1875 |   0.0 |       0 |      31 |   0.0 |  1960
           D:8 |       0 |    4445 |   0.0 |       0 |      48 |   0.0 |  1679
           D:9 |       0 |    2891 |   0.0 |       0 |      18 |   0.0 |  2558
          D:10 |       0 |    4354 |   0.0 |       0 |      56 |   0.0 |  1289
        Lair:1 |       0 |    6708 |   0.0 |       0 |      23 |   0.0 |  2277
        Lair:2 |       0 |    5957 |   0.0 |       0 |      27 |   0.0 |  1187
        Lair:3 |       0 |    6093 |   0.0 |       0 |      26 |   0.0 |  2228
        Lair:4 |       0 |    3945 |   0.0 |       0 |      16 |   0.0 |  1099
        Lair:5 |       0 |   10261 |   0.0 |       0 |      47 |   0.0 |  1145
        Lair:6 |       0 |   12488 |   0.0 |       0 |      43 |   0.0 |   824
               +---------+---------+-------+---------+---------+-------+---------
